 Dungeon Crawl Stone Soup version 0.31-a0-1447-g87ca8d402b (webtiles) character file.

Game seed: 9673730287027823557

15002 Skeral the Fighter (level 12, -10/132 HPs)
             Began as an Oni Alchemist on Dec 27, 2023.
             Was a High Priest of Fedhas.
             Mangled by an orc warlord
             ... wielding a +0 glaive
              (30 damage)
             ... on level 1 of the Orcish Mines on Dec 28, 2023.
             The game lasted 00:48:25 (13051 turns).

Skeral the Fighter (Oni Alchemist)                 Turns: 13051, Time: 00:48:26

Health: -10/132    AC:  6    Str: 15    XL:     12   Next: 22%
Magic:  15/21      EV: 10    Int: 26    God:    Fedhas [*****.]
Gold:   781        SH:  0    Dex:  9    Spells: 8/23 levels left

rFire   . . .        a - +4 trident
rCold   + . .        (no shield)
rNeg    . . .        e - +2 robe {rC+}
rPois   .            (helmet restricted)
rElec   .            b - +0 cloak
rCorr   .            (gloves unavailable)
SInv    +            (boots unavailable)
Will    +....        D - amulet of magic regeneration
Stlth   +            v - ring of see invisible
HPRegen 0.42/turn    I - +6 ring of intelligence
MPRegen 0.57/turn

%: no passive effects
@: no status effects
A: large, unfitting armour, horns 1, tough skin 1, double potion healing,
drunken brawling
a: Renounce Religion, Wall of Briars, Grow Ballistomycete, Overgrow, Grow Oklob


You were on level 1 of the Orcish Mines.
You worshipped Fedhas.
Fedhas was extremely pleased with you.
You visited 3 branches of the dungeon, and saw 15 of its levels.

You collected 1060 gold pieces.
You spent 279 gold pieces at shops.


Innate Abilities, Weirdness & Mutations

You are too large for most types of armour.
You have a pair of small horns on your head.
You have tough skin. (AC +1)
You gain doubled healing and magic from potions.
Whenever you drink a healing potion, you attack all around you.


   Skills:
 + Level 12.2 Fighting
 - Level 6.0 Polearms
 + Level 3.8 Dodging
 - Level 1.4 Stealth
 - Level 6.0 Spellcasting
 - Level 6.0 Conjurations
 - Level 2.0 Translocations
 - Level 4.0 Air Magic
 - Level 5.0 Earth Magic
 - Level 7.5 Alchemy
 + Level 9.2 Invocations


You had 8 spell levels left.
You knew the following spells:

 Your Spells              Type           Power      Damage    Failure   Level
a - Stone Arrow           Conj/Erth      72%        3d11      2%          3
b - Blink                 Tloc           36%        N/A       4%          2
m - Mephitic Cloud        Conj/Alch/Air  38%        N/A       1%          3
o - Olgreb's Toxic Radia  Alch           46%        N/A       3%          4
s - Sting                 Conj/Alch      100%       1d9       1%          1
v - Mercury Vapours       Alch/Air       74%        N/A       1%          2

Your spell library contained the following spells:

 Spells                   Type           Power      Damage    Failure   Level
 Magic Dart               Conj           100%       1d8       1%          1
 Sandblast                Erth           66%        2d15      1%          1
 Passwall                 Erth           33%        N/A       2%          3
 Slow                     Hex            28%        N/A       7%          1
 Brom's Barrelling Bould  Conj/Erth      36%        2d6       7%          4
 Call Imp                 Summ           14%        N/A       11%         2
 Ensorcelled Hibernation  Hex/Ice        14%        N/A       11%         2
 Sticky Flame             Fire/Alch      27%        2d7       14%         4
 Confusing Touch          Hex            7%         N/A       21%         3
 Fugue of the Fallen      Necr           7%         N/A       21%         3
 Ozocubu's Armour         Ice            7%         N/A       21%         3
 Sigil of Binding         Hex            7%         N/A       21%         3
 Tukima's Dance           Hex            7%         N/A       21%         3
 Vampiric Draining        Necr           7%         2d6       21%         3
 Passage of Golubria      Tloc           18%        N/A       30%         4
 Yara's Violent Unravell  Hex/Alch       13%        3d7       38%         5
 Anguish                  Hex/Necr       3%         N/A       56%         4
 Metabolic Englaciation   Hex/Ice        3%         N/A       88%         5
 Sculpt Simulacrum        Ice/Alch       13%        N/A       92%         6

Inventory:

Hand Weapons
 a - a +4 trident (weapon)
   (You took it off an orc on level 1 of the Orcish Mines)
Missiles
 x - 19 poisoned darts (quivered)
 F - 4 silver javelins
 G - 12 boomerangs
 T - 3 throwing nets {=f!f}
Armour
 b - a +0 cloak (worn)
   (You found it on level 5 of the Dungeon)
 e - a +2 robe of cold resistance (worn)
   (You took it off an orc wizard on level 9 of the Dungeon)
Magical Staves
 g - a staff of fire {!a}
   (You found it on level 2 of the Dungeon)
 Q - a staff of earth {!a}
   (You found it on level 9 of the Dungeon)
Jewellery
 v - a ring of see invisible (left hand)
   (You found it on level 1 of the Dungeon)
 D - an amulet of magic regeneration (around neck)
   (You found it on level 6 of the Dungeon)
 I - a +6 ring of intelligence (right hand)
   (You found it on level 2 of the Dungeon)
 J - a ring of willpower
   (You found it on level 6 of the Dungeon)
 L - a ring of flight
   (You found it on level 10 of the Dungeon)
 N - a ring of positive energy
   (You found it on level 7 of the Dungeon)
 R - a ring of resist corrosion
   (You found it on level 4 of the Dungeon)
Wands
 f - a wand of mindburst (11)
   (You found it on level 5 of the Dungeon)
 H - a wand of digging (4)
   (You found it on level 6 of the Dungeon)
Scrolls
 l - 2 scrolls of poison {!r}
 q - 4 scrolls of vulnerability {!r!r}
 r - 3 scrolls of blinking {!r}
 t - a scroll of fog
 A - a scroll of summoning
 B - a scroll of immolation {!r!r}
 C - a scroll of enchant armour
 E - a scroll of amnesia
 K - a scroll of acquirement {unknown}
 O - a scroll of teleportation {unknown}
 P - a scroll of enchant weapon
 S - 2 scrolls of brand weapon
 U - a scroll of revelation {unknown}
Potions
 d - 5 potions of mutation {!q}
 h - 4 potions of lignification {!q}
 i - 8 potions of curing {@q1}
 j - 2 potions of invisibility {unknown}
 k - 2 potions of cancellation
 m - 2 potions of berserk rage {!q}
 n - 2 potions of haste {@q3}
 o - a potion of magic
 s - 4 potions of brilliance
 u - a potion of enlightenment {unknown}
 w - a potion of resistance {unknown}

Dungeon Overview and Level Annotations

Branches:
Dungeon (12/15) Zot: 26481  Temple (1/1) D:5 Zot: 5998    Lair (0/5) D:9
    Orc (2/2) D:11 Zot: 11506     Elf (0/3) Orc:2

Altars:
Ashenzari
Cheibriados
Dithmenos
Elyvilon
Fedhas
Gozag
Hepliaklqana
Kikubaaqudgha
Makhleb
Nemelex Xobeh
Okawaru
Qazlal
Ru
Sif Muna
Trog
Uskayaw
Vehumet
Wu Jian
Xom
Yredelemnul
Zin
The Shining One

Shops:
D:11 *   Orc:1 ? Orc:2

= #.......###....####
##.......#..$...##.
##........[......##
##....#...)[.#....#.
###....###...)####....
#.....## #..)..####..#
##.....###.....o##....
##...§§§...#.>.##..#.
##.@.o§...##......#.
###.§....#.......##
##..)..((#...#.###
####...#(((.##.###.#.
##......#.....##.#....
#.....####......#.....
###....# #....####....
##...# #....##.##...
#.#.. ..###.... #..


You could see an orc warlord.


Message History

Aim: an orc warlord, wielding a +0 glaive and wearing a +0 chain mail (heavily wounded, confused, 82% to hit)
You throw a poisoned dart. The poisoned dart hits the orc warlord.
The orc warlord is poisoned.
The orc warlord chortles and stares into space. 😨 MP[+1] Throw: 20 darts (poison)
Press: ? - help, Q - select action, (/) - cycle Shift-Dir - straight line, f/p - orc warlord
Aim: an orc warlord, wielding a +0 glaive and wearing a +0 chain mail (heavily wounded, confused, poisoned, 82% to hit)
You throw a poisoned dart. The poisoned dart hits the orc warlord.
The orc warlord hits you with a +0 glaive!!
* * * LOW HITPOINT WARNING * * *
😨 HP[-22] MP[+1]
You take 22 damage, and now have 38/132 hp.
Unknown command.
You hit the orc warlord but do no damage.
You headbutt the orc warlord, but do no damage.
The orc warlord seems less confused. 😨 HP[+1] MP[+1]
The orc warlord roars a battlecry! 😨 HP[+1] MP[+1] 😨 MP[+1] 😨 HP[+1] MP[+1]
The orc warlord looks more healthy. 😨 HP[+1] MP[+1]
Casting: Mephitic Cloud (safe; 1% risk of failure)
Confirm with . or Enter, or press ? or * to list all spells.
Aiming: Mephitic Cloud (safe; 1% risk of failure)
Press: ? - help, Shift-Dir - straight line, f/p - orc warlord
Aim: an orc warlord, wielding a +0 glaive and wearing a +0 chain mail (heavily wounded, chance to affect: 29%)
The ball explodes into a vile cloud!
The stinking cloud engulfs the orc warlord.
The stinking cloud engulfs the orc.
The orc is engulfed in noxious fumes.
The orc hits you but does no damage.
The orc warlord is engulfed in noxious fumes.
The orc warlord hits you from afar with a +0 glaive!!
* * * LOW HITPOINT WARNING * * *
😱 HP[-21] MP[-3]
You take 21 damage, and now have 21/132 hp.
You lost 3 mp, and now have 8/21 mp.
The orc is engulfed in noxious fumes.
The orc appears confused.
The orc warlord is engulfed in noxious fumes. 😱 MP[+1]
You take a swig of the potion and twirl your +4 trident.
You barely miss the orc. You headbutt the orc.
You hit the orc warlord but do no damage.
You savour every drop.
You feel much better.
The orc warlord is engulfed in noxious fumes.
The orc warlord hits you from afar with a +0 glaive!!
* * * LOW HITPOINT WARNING * * *
😱 HP[+9]
You regained 9 hp, and now have 30/132 hp.
Blink to where?
Press: ? - help, Dir - move target, p - orc warlord
As you read the scroll of blinking {!r}, it crumbles to dust.
The orc barely misses the orc warlord.
The orc warlord is engulfed in noxious fumes.
The orc warlord appears confused. 😱 MP[+1] 😱 HP[+1] MP[+1]
The orc warlord is engulfed in noxious fumes. 😱 HP[+1] MP[+1] 😱 MP[+1]
Things that are here:
a +0 arbalest; a +0 war axe; a +0 plate armour 😱 HP[+1]
The orc knight attacks as it pursues you!
The orc knight hits you from afar with a +0 bardiche!
* * * LOW HITPOINT WARNING * * *
😱 HP[-14] MP[+1]
You take 14 damage, and now have 19/132 hp.
The orc knight attacks as it pursues you!
The orc knight hits you from afar with a +0 bardiche!!
* * * LOW HITPOINT WARNING * * *
😱 HP[-17] MP[+1]
You take 17 damage, and now have 2/132 hp.
Unknown command.
Blink to where?
Press: ? - help, Dir - move target
As you read the scroll of blinking {!r}, it crumbles to dust. 😱 HP[+1] MP[+1] 😱 MP[+1]
You take a swig of the potion and twirl your +4 trident.
You hit the orc warlord but do no damage.
You savour every drop.
You feel much better.
The orc warlord hits you from afar with a +0 glaive!!
* * * LOW HITPOINT WARNING * * *
😱 HP[+17]
You regained 17 hp, and now have 20/132 hp.
Okay, then.
Casting: Mephitic Cloud (safe; 1% risk of failure)
Confirm with . or Enter, or press ? or * to list all spells.
Aiming: Mephitic Cloud (safe; 1% risk of failure)
Press: ? - help, Shift-Dir - straight line, f - orc warlord
Aim: an orc warlord, wielding a +0 glaive and wearing a +0 chain mail (heavily wounded, chance to affect: 29%)
The ball explodes into a vile cloud!
The stinking cloud engulfs the orc warlord.
The orc warlord is engulfed in noxious fumes.
The orc warlord hits you from afar with a +0 glaive!!
You die...
Fedhas appreciates your contribution to the ecosystem.

Skill      XL: |  1  2  3  4  5  6  7  8  9 10 11 12 |
---------------+-------------------------------------+-----
Conjurations   | 1 2 3 4 5 6 |  6.0
Fighting       | 1 2 3 4 6 7 9 12 | 12.2
Alchemy        | 3 4 5 6 7 |  7.5
Air Magic      | 1 2 3 4 |  4.0
Spellcasting   | 3 4 5 6 |  6.0
Invocations    | 1 3 5 6 8 9 |  9.2
Polearms       | 1 2 4 5 6 |  6.0
Earth Magic    | 1 3 5 |  5.0
Translocations | 2 |  2.0
Dodging        | 3 |  3.8
Stealth        | |  1.4

Action                     |  1- 3 |  4- 6 |  7- 9 | 10-12 || total
---------------------------+-------+-------+-------+-------++-------
  Melee: Dagger            |     6 |    41 |     3 |       ||    50
         Headbutt          |     2 |     8 |    35 |    19 ||    64
         Short sword       |     6 |    40 |       |       ||    46
         Punch             |       |     2 |     1 |     4 ||     7
         Whip              |       |       |   142 |       ||   142
         Trident           |       |       |    30 |   111 ||   141
   Fire: Sling             |    30 |       |       |       ||    30
  Throw: Dart              |       |       |       |     5 ||     5
   Cast: Sting             |    36 |    90 |   169 |    84 ||   379
         Mercury Vapours   |       |     3 |     6 |       ||     9
         Mephitic Cloud    |       |     3 |     7 |    26 ||    36
         Olgreb's Toxic Ra |       |       |     6 |    32 ||    38
         Stone Arrow       |       |       |       |    65 ||    65
         Blink             |       |       |       |     1 ||     1
  Evoke: Wand              |       |       |     2 |     7 ||     9
    Use: Scroll            |       |     5 |     4 |    14 ||    23
         Potion            |       |       |       |     4 ||     4
   Stab: Sleeping          |       |       |     1 |       ||     1
         Confused          |       |       |     1 |       ||     1
 Armour: Robe              |    39 |    78 |   197 |   223 ||   537
  Dodge: Dodged            |    27 |    47 |   104 |   108 ||   286

Levels and vault maps discovered:
D:1:      sevenhm_arrival_forest_fort_small_3, layout_basic,
          minmay_strange_pillars
D:2:      layout_rooms, basic_altar, dilly_ecumenical_altar_fadedgnrine,
          nrook_campfire
D:3:      layout_rooms, uniq_terence, uniq_robin
D:4:      layout_rooms, nicolae_overflow_hallway_of_the_gods, minivault_24,
          kennysheep_generic_room_6
D:5:      layout_cave_pods, minmay_temple_entry_gardened_gates,
          minmay_stone_trees_small
D:6:      layout_rooms, makhleb_altar_promises_db, uniq_blork_the_orc
D:7:      layout_basic, marbit_many_paths, uniq_pikel
D:8:      layout_loops_ring, mainiacjoe_overflow_chevrons
D:9:      layout_gridville, lair_entry_dummy, uniq_erolcha
D:10:     layout_roguey, nicolae_tso_swordbearing_angel, bh_circular_ruins,
          uniq_harold
D:11:     layout_rooms, hiddenorc1_lemuel, serial_shops, nicolae_shop_trees
D:12:     layout_long_grid
Temple:   nicolae_temple_god_jail
Orc:1:    layout_diamond_mine, serial_shops, shop, ebering_ghost_inner_flame,
          nicolae_volcano_entry_hallway
Orc:2:    st_orc_congregation, layout_caves, serial_shops, shop, minmay_orc_keep

Notes
Turn   | Place    | Note
-------+----------+-------------------------------------------
     0 | D:1      | Skeral the Oni Alchemist began the quest for the Orb.
     0 | D:1      | Reached XP level 1. HP: 16/16 MP: 3/3
     0 | D:1      | magus.rc [v1.10.3]
    99 | D:1      | Reached skill level 1 in Conjurations
   326 | D:1      | Reached skill level 1 in Fighting
   326 | D:1      | Reached XP level 2. HP: 27/27 MP: 0/5
   329 | D:1      | Learned a level 2 spell: Mercury Vapours
   663 | D:1      | Reached skill level 3 in Alchemy
   702 | D:1      | Reached XP level 3. HP: 23/33 MP: 2/6
   704 | D:1      | Reached skill level 1 in Air Magic
   902 | D:2      | Reached skill level 2 in Fighting
   913 | D:2      | You add the spells Tukima's Dance, Passage of Golubria and
                  | Yara's Violent Unravelling to your library.
   948 | D:2      | Learned a level 3 spell: Mephitic Cloud
  1017 | D:2      | Reached XP level 4. HP: 42/42 MP: 4/7
  1164 | D:2      | Found a faded altar of an unknown god.
  1307 | D:2      | Found a shadowy altar of Dithmenos.
  1504 | D:3      | Noticed Terence
  1530 | D:3      | Killed Terence
  1637 | D:3      | Reached skill level 2 in Conjurations
  1831 | D:3      | Reached XP level 5. HP: 44/50 MP: 6/9
  1983 | D:3      | Noticed Robin
  1989 | D:3      | Killed Robin
  2205 | D:4      | Reached skill level 3 in Fighting
  2205 | D:4      | Reached skill level 3 in Spellcasting
  2205 | D:4      | Reached skill level 2 in Air Magic
  2220 | D:3      | HP: 13/53 [sleepcap (5)]
  2387 | D:4      | Reached XP level 6. HP: 61/61 MP: 6/10
  3086 | D:4      | Found a bloodstained altar of Trog.
  3092 | D:4      | Found a hide-covered altar of Uskayaw.
  3095 | D:4      | Found a blossoming altar of Fedhas.
  3096 | D:4      | Found an iron altar of Okawaru.
  3102 | D:4      | Found a basalt altar of Yredelemnul.
  3207 | D:4      | Became a worshipper of Fedhas Madash
  3251 | D:5      | Entered Level 5 of the Dungeon
  3279 | D:5      | Reached skill level 4 in Fighting
  3279 | D:5      | Reached skill level 3 in Conjurations
  3279 | D:5      | Reached skill level 4 in Alchemy
  3279 | D:5      | Reached XP level 7. HP: 70/70 MP: 9/12
  3284 | D:5      | Learned a level 4 spell: Olgreb's Toxic Radiance
  3385 | D:5      | You pick up a book of Winter and begin reading...
  3385 | D:5      | You add the spells Ozocubu's Armour, Metabolic Englaciation
                  | and Sculpt Simulacrum to your library.
  3419 | D:5      | Reached skill level 4 in Spellcasting
  3419 | D:5      | Reached skill level 3 in Air Magic
  3650 | D:5      | Found a staircase to the Ecumenical Temple.
  3695 | Temple   | Entered the Ecumenical Temple
  3750 | D:5      | Reached skill level 1 in Invocations
  3993 | D:5      | Reached skill level 1 in Polearms
  4129 | D:5      | Reached XP level 8. HP: 79/79 MP: 11/14
  4149 | D:5      | Reached skill level 5 in Fighting
  4313 | D:5      | Reached skill level 2 in Invocations
  4434 | D:5      | Reached * piety under Fedhas
  4435 | D:5      | Reached skill level 2 in Polearms
  4665 | D:6      | Reached skill level 4 in Conjurations
  4862 | D:6      | You pick up a book of Geomancy and begin reading...
  4862 | D:6      | You add the spells Sandblast, Passwall, Stone Arrow and
                  | Brom's Barrelling Boulder to your library.
  4867 | D:6      | Learned a level 3 spell: Stone Arrow
  4912 | D:6      | Reached skill level 3 in Invocations
  5022 | D:6      | Noticed Blork the orc
  5036 | D:6      | Killed Blork the orc
  5037 | D:6      | Reached skill level 6 in Fighting
  5037 | D:6      | Reached skill level 4 in Air Magic
  5037 | D:6      | Reached skill level 5 in Alchemy
  5208 | D:6      | Found a burning altar of Makhleb.
  5208 | D:6      | Noticed a blizzard demon
  5227 | D:6      | Reached skill level 1 in Earth Magic
  5236 | D:6      | Reached XP level 9. HP: 81/89 MP: 6/15
  5495 | D:7      | Reached skill level 3 in Polearms
  5623 | D:7      | Reached ** piety under Fedhas
  6001 | D:7      | Reached skill level 4 in Invocations
  6401 | D:7      | Reached skill level 2 in Earth Magic
  6713 | D:7      | Found a sacrificial altar of Ru.
  6879 | D:7      | Noticed Pikel
  6895 | D:7      | Killed Pikel
  6896 | D:7      | Reached skill level 7 in Fighting
  7037 | D:8      | Reached skill level 4 in Polearms
  7044 | D:8      | magus.rc [v1.10.3]
  7429 | D:8      | Found an opulent altar of Gozag.
  7442 | D:8      | Reached skill level 5 in Conjurations
  7533 | D:8      | Reached skill level 5 in Invocations
  7596 | D:8      | You pick up a book of Minor Magic and begin reading...
  7596 | D:8      | You add the spells Magic Dart, Blink and Call Imp to your
                  | library.
  7696 | D:8      | Learned a level 2 spell: Blink
  7967 | D:8      | Reached skill level 3 in Earth Magic
  8035 | D:8      | Reached *** piety under Fedhas
  8043 | D:8      | Reached skill level 6 in Alchemy
  8043 | D:8      | Reached XP level 10. HP: 47/104 MP: 7/16
  8058 | D:8      | Reached skill level 8 in Fighting
  8131 | D:8      | Reached skill level 5 in Polearms
  8131 | D:8      | Reached skill level 6 in Invocations
  8506 | D:9      | HP: 26/104 [poisoned by a water moccasin]
  8835 | D:9      | Reached skill level 4 in Earth Magic
  8994 | D:9      | Noticed an unseen horror
  9000 | D:9      | Killed an unseen horror
  9219 | D:9      | Reached skill level 1 in Translocations
  9295 | D:9      | You pick up a book of Debilitation and begin reading...
  9295 | D:9      | You add the spells Slow, Sigil of Binding, Vampiric
                  | Draining and Confusing Touch to your library.
  9296 | D:9      | magus.rc [v1.10.3]
  9308 | D:9      | Reached skill level 9 in Fighting
  9441 | D:9      | Reached **** piety under Fedhas
  9442 | D:9      | Reached skill level 2 in Translocations
  9771 | D:9      | Noticed Erolcha
  9820 | D:9      | Killed Erolcha
  9821 | D:9      | Reached skill level 5 in Spellcasting
  9821 | D:9      | Reached skill level 5 in Earth Magic
  9821 | D:9      | Reached skill level 7 in Alchemy
  9821 | D:9      | Reached XP level 11. HP: 115/115 MP: 4/19
  9867 | D:9      | Found a staircase to the Lair.
 10076 | D:10     | Entered Level 10 of the Dungeon
 10129 | D:10     | Reached skill level 7 in Invocations
 10450 | D:10     | Reached skill level 6 in Spellcasting
 10490 | D:10     | Found a glowing golden altar of the Shining One.
 10618 | D:10     | You pick up a book of Dreams and begin reading...
 10618 | D:10     | You add the spells Ensorcelled Hibernation, Fugue of the
                  | Fallen and Anguish to your library.
 10847 | D:10     | Noticed a two-headed ogre
 10852 | D:10     | Killed a two-headed ogre
 10853 | D:10     | Reached skill level 10 in Fighting
 10920 | D:10     | Noticed a two-headed ogre
 10936 | D:10     | Killed a two-headed ogre
 10943 | D:10     | Reached skill level 8 in Invocations
 11056 | D:10     | Noticed Harold
 11065 | D:10     | Killed Harold
 11066 | D:10     | Reached skill level 11 in Fighting
 11141 | D:10     | magus.rc [v1.10.3]
 11200 | D:11     | Noticed a cyclops
 11242 | D:11     | Noticed a manticore
 11253 | D:11     | Reached ***** piety under Fedhas
 11259 | D:11     | Killed a manticore
 11260 | D:11     | Reached skill level 12 in Fighting
 11260 | D:11     | Reached skill level 2 in Dodging
 11288 | D:10     | HP: 28/123 [something (14)]
 11535 | D:11     | Killed a cyclops
 11565 | D:11     | Found Ecwocen's Assorted Antiques.
 11587 | D:11     | Bought a scroll of identify for 62 gold pieces
 11776 | D:11     | Found a staircase to the Orcish Mines.
 12303 | D:12     | Noticed a cyclops
 12402 | D:12     | Noticed a cyclops
 12402 | D:12     | Noticed a cyclops
 12410 | D:11     | Killed a cyclops
 12411 | D:11     | Reached skill level 3 in Dodging
 12558 | Orc:1    | Entered Level 1 of the Orcish Mines
 12564 | Orc:1    | Reached XP level 12. HP: 111/132 MP: 15/21
 12614 | Orc:2    | Entered Level 2 of the Orcish Mines
 12614 | Orc:2    | Found a staircase to the Elven Halls.
 12614 | Orc:2    | Found Qaff's Jewellery Shop.
 12639 | Orc:1    | Noticed an orc warlord
 12644 | Orc:2    | HP: 22/132 [orc knight/+0 long sword (20)]
 12780 | Orc:1    | Reached skill level 6 in Polearms
 12844 | Orc:1    | Reached skill level 9 in Invocations
 12864 | Orc:1    | Found Cumita's Magic Scroll Shop.
 12869 | Orc:1    | Bought a scroll of poison for 56 gold pieces
 12869 | Orc:1    | Bought a scroll of brand weapon for 133 gold pieces
 12869 | Orc:1    | Bought a scroll of identify for 28 gold pieces
 12997 | Orc:1    | Reached skill level 6 in Conjurations
 13034 | Orc:1    | HP: 21/132 [orc warlord/+0 glaive (21)]
 13044 | Orc:1    | HP: 19/132 [orc knight/+0 bardiche (14)]
 13045 | Orc:1    | HP: 2/132 [orc knight/+0 bardiche (18)]
 13050 | Orc:1    | HP: 20/132 [orc warlord/+0 glaive (22)]
 13051 | Orc:1    | Mangled by an orc warlord

Vanquished Creatures
  Harold (D:10)
  Erolcha (D:9)
  2 two-headed ogres (D:10)
  Pikel (D:7)
  An orc sorcerer (Orc:1)
  A manticore (D:11)
  2 cyclopes (D:11)
  A kobold demonologist (D:11)
  2 unseen horrors
  A komodo dragon (D:12)
  3 trolls
  2 slime creatures
  A wyvern (D:9)
  14 yaks
  A warg (Orc:1)
  2 steam dragons
  3 water moccasins
  An acid dragon (D:10)
  15 orc warriors
  3 sky beasts
  2 ice beasts
  8 ogres
  3 centaurs
  A phantom (D:5)
  2 lemures (D:7)
  Blork the orc (D:6)
  2 kobold brigands
  3 bullfrogs
  3 scorpions
  9 killer bees
  7 howler monkeys
  2 bombardier beetles
  10 orc priests
  3 gnoll boudas
  A hound (D:4)
  A jelly (D:5)
  A sleepcap (D:3)
  21 orc wizards
  Terence (D:3)
  3 iguanas
  A human simulacrum (D:10)
  Robin (D:3)
  12 gnolls
  9 adders
  A shadow imp (D:5)
  2 white imps
  4 ufetubi
  A worm (D:4)
  A dart slug (D:1)
  66 orcs
  6 bats
  An endoplasm (D:1)
  11 goblins
  9 hobgoblins
  3 jackals (D:4)
  5 quokkas
  8 ball pythons
  4 frilled lizards (D:1)
  16 kobolds
  2 rats (D:1)
305 creatures vanquished.

Vanquished Creatures (others)
  A troll (D:10)
  A human simulacrum (D:10)
2 creatures vanquished.

Grand Total: 307 creatures vanquished

Table legend:
 A = Non-vault XP
 B = Vault XP
 C = Vault XP percentage of total XP
 D = Non-vault monster count
 E = Vault monster count
 F = Vault count percentage of total count
                 A         B        C        D         E       F
            +---------+---------+-------+---------+---------+-------
      Total |   18487 |    2945 |  13.7 |     269 |      35 |  11.5
            +---------+---------+-------+---------+---------+-------
        D:1 |      61 |       0 |   0.0 |      25 |       0 |   0.0
        D:2 |      27 |       0 |   0.0 |       9 |       0 |   0.0
        D:3 |      87 |      72 |  45.3 |      14 |      12 |  46.2
        D:4 |     360 |       0 |   0.0 |      23 |       0 |   0.0
        D:5 |    1052 |       0 |   0.0 |      29 |       0 |   0.0
        D:6 |     600 |     100 |  14.3 |      15 |       1 |   6.2
        D:7 |     697 |     692 |  49.8 |      24 |       2 |   7.7
        D:8 |    2106 |       0 |   0.0 |      23 |       0 |   0.0
        D:9 |    2972 |     841 |  22.1 |      35 |       1 |   2.8
       D:10 |    2975 |     881 |  22.8 |      22 |       2 |   8.3
       D:11 |    2673 |     359 |  11.8 |      10 |      17 |  63.0
       D:12 |    1684 |       0 |   0.0 |       8 |       0 |   0.0
      Orc:1 |    2531 |       0 |   0.0 |      27 |       0 |   0.0
      Orc:2 |     662 |       0 |   0.0 |       5 |       0 |   0.0
            +---------+---------+-------+---------+---------+-------

Skill      XL: |  1  2  3  4  5  6  7  8  9 10 11 12 |
---------------+-------------------------------------+-----
Conjurations   | 1 2 3 4 5 6 |  6.0
Fighting       | 1 2 3 4 6 7 9 12 | 12.2
Alchemy        | 3 4 5 6 7 |  7.5
Air Magic      | 1 2 3 4 |  4.0
Spellcasting   | 3 4 5 6 |  6.0
Invocations    | 1 3 5 6 8 9 |  9.2
Polearms       | 1 2 4 5 6 |  6.0
Earth Magic    | 1 3 5 |  5.0
Translocations | 2 |  2.0
Dodging        | 3 |  3.8
Stealth        | |  1.4

Action                     |  1- 3 |  4- 6 |  7- 9 | 10-12 || total
---------------------------+-------+-------+-------+-------++-------
  Melee: Dagger            |     6 |    41 |     3 |       ||    50
         Headbutt          |     2 |     8 |    35 |    19 ||    64
         Short sword       |     6 |    40 |       |       ||    46
         Punch             |       |     2 |     1 |     4 ||     7
         Whip              |       |       |   142 |       ||   142
         Trident           |       |       |    30 |   111 ||   141
   Fire: Sling             |    30 |       |       |       ||    30
  Throw: Dart              |       |       |       |     5 ||     5
   Cast: Sting             |    36 |    90 |   169 |    84 ||   379
         Mercury Vapours   |       |     3 |     6 |       ||     9
         Mephitic Cloud    |       |     3 |     7 |    26 ||    36
         Olgreb's Toxic Ra |       |       |     6 |    32 ||    38
         Stone Arrow       |       |       |       |    65 ||    65
         Blink             |       |       |       |     1 ||     1
  Evoke: Wand              |       |       |     2 |     7 ||     9
    Use: Scroll            |       |     5 |     4 |    14 ||    23
         Potion            |       |       |       |     4 ||     4
   Stab: Sleeping          |       |       |     1 |       ||     1
         Confused          |       |       |     1 |       ||     1
 Armour: Robe              |    39 |    78 |   197 |   223 ||   537
  Dodge: Dodged            |    27 |    47 |   104 |   108 ||   286

Illustrated notes

Table legend:
 A = Kills in this place as a percentage of kills in the entire game.
 B = Kills by you in this place as a percentage of kills by you in the entire game.
 C = Kills by friends in this place as a percentage of kills by friends in the entire game.
 D = Other kills in this place as a percentage of other kills in the entire game.
 E = Experience gained in this place as a percentage of experience gained in the entire game.
 F = Experience gained in this place divided by the number of levels of this place that you have seen.
                   A       B       C       D       E      F
               +-------+-------+-------+-------+-------+----------------------
         Total | 100.0 | 100.0 |   N/A | 100.0 | 100.0 | 1428.8
       Dungeon |  89.5 |  89.8 |   N/A |  80.0 |  85.1 | 1519.9
  Orcish Mines |  10.5 |  10.2 |   N/A |  20.0 |  14.9 | 1596.5
               +-------+-------+-------+-------+-------+----------------------

Table legend: (Time is in decaauts)
 A = Elapsed time spent in this place.
 B = Non-inter-level travel time spent in this place.
 C = Inter-level travel time spent in this place.
 D = Time resting spent in this place.
 E = Time spent auto-exploring this place.
 F = Levels seen in this place.
 G = Mean time per level.
                   A        B        C        D        E       F      G
               +--------+--------+--------+--------+--------+-----+--------+
         Total |  13102 |  12445 |    657 |   3074 |   5170 |  15 |  873.5 |
       Dungeon |  12608 |  11951 |    657 |   3007 |   5170 |  12 | 1050.7 |
        Temple |      1 |      1 |      0 |      0 |      0 |   1 |    1.0 |
  Orcish Mines |    492 |    492 |      0 |     67 |      0 |   2 |  246.0 |
               +--------+--------+--------+--------+--------+-----+--------+

Top non-repeatable levels by time:
     D:9: 1593 daAuts
     D:7: 1586 daAuts
     D:8: 1456 daAuts
     D:5: 1392 daAuts
    D:10: 1308 daAuts
     D:3: 980 daAuts
     D:1: 868 daAuts
     D:4: 866 daAuts
    D:11: 859 daAuts
     D:6: 811 daAuts
     D:2: 567 daAuts
   Orc:1: 462 daAuts
    D:12: 316 daAuts
   Orc:2: 30 daAuts
  Temple: 1 daAuts
